 Dungeon Crawl Stone Soup version 0.30-a0-800-g7c544603b3 (webtiles) character file.

Game seed: 13522030474369065498

240 holysushi the Ducker (level 5, -6/38 (41) HPs)
             Began as a Demonspawn Monk on Feb 22, 2023.
             Was an Elder of Cheibriados.
             Killed from afar by Ijyb (18 damage)
             ... with a bolt of light
             ... on level 3 of the Dungeon.
             The game lasted 00:02:40 (1933 turns).

holysushi the Ducker (Demonspawn Monk)              Turns: 1933, Time: 00:02:40

HP:   -6/38 (41)    AC:  6    Str: 20    XL:     5   Next: 79%
MP:   5/5           EV: 17    Int: 21    God:    Cheibriados [****..]
Gold: 76            SH:  0    Dex: 26    Spells: 4/4 levels left

rFire   + . .      SeeInvis .    g - +2 dagger (vamp)
rCold   . . .      Faith    .    (no shield)
rNeg    . . .      Spirit   .    f - +0 robe {rF+}
rPois   +          Reflect  .    (no helmet)
rElec   .          Harm     .    p - +0 cloak {rPois}
rCorr   .          Rampage  .    (no gloves)
Will    .....                    (no boots)
Stlth   +                        (no amulet)
HPRegen 0.26/turn                (no ring)
MPRegen 0.09/turn                (no ring)

@: confused, ambrosia-drunk, drained, invisible, very slow
A: slimy green scales 2, ignite blood 1, demonic touch 1
a: Renounce Religion, Bend Time, Temporal Distortion, Slouch


You were on level 3 of the Dungeon.
You worshipped Cheibriados.
Cheibriados was greatly pleased with you.
You visited 1 branch of the dungeon, and saw 3 of its levels.

You collected 76 gold pieces.

Inventory:

Hand Weapons
 a - a +0 short sword
 g - a +2 vampiric dagger (weapon)
Armour
 b - a +0 robe
 f - a +0 robe of fire resistance (worn)
 p - a +0 cloak of poison resistance (worn)
Jewellery
 q - a ring of wizardry
Wands
 o - a wand of flame (15)
Scrolls
 d - 3 scrolls of magic mapping {unknown}
 e - a scroll of silence {unknown}
 j - a scroll of enchant armour {unknown}
 k - a scroll of teleportation {unknown}
 l - 2 scrolls of immolation {unknown}
 m - a scroll of vulnerability {unknown}
Potions
 i - a potion of berserk rage {unknown}
 n - 2 potions of curing {unknown}


   Skills:
 - Level 3.0 Fighting
 - Level 3.5 Short Blades
 + Level 5.5 Dodging
 - Level 1.7 Stealth


You had 4 spell levels left.
You didn't know any spells.
Your spell library contained the following spells:

 Spells                   Type           Power      Damage    Failure   Level
 Ensorcelled Hibernation  Hex/Ice        0%         N/A       26%         2
 Sublimation of Blood     Necr           0%         N/A       26%         2
 Wereblood                Tmut           0%         N/A       26%         2
 Spider Form              Tmut/Pois      0%         N/A       47%         3
 Anguish                  Hex/Necr       0%         N/A       87%         4
 Summon Hydra             Summ           0%         N/A       100%        7


Dungeon Overview and Level Annotations

Branches:
Dungeon (3/15) Zot: 23997

Altars:
Cheibriados

Annotations:
D:3 Ijyb


Innate Abilities, Weirdness & Mutations

You are mostly covered in slimy green scales. (AC +3)
Your demonic aura sometimes causes spilled blood to erupt in flames.
Your touch may inflict minor irresistible damage on your foes.


Message History

Ijyb shouts!
An endoplasm comes into view.
Ijyb zaps a wand.
The bolt of light misses you.
There are monsters nearby!
Ijyb zaps a wand.
The bolt of light hits you!
There are monsters nearby!
You hit Ijyb.
You feel better.
Ijyb is lightly wounded.
Ijyb hits you with a +8 club. The endoplasm barely misses you.
You closely miss Ijyb.
Ijyb is lightly wounded.
Ijyb zaps a wand.
The bolt of light misses you. The necrophage hits you.
You feel drained. The endoplasm barely misses you.
You hit Ijyb but do no damage.
Ijyb is lightly wounded.
The necrophage misses you. Ijyb hits you with a +8 club!
The endoplasm completely misses you.
You barely miss Ijyb.
Ijyb is lightly wounded.
The necrophage hits you.
You feel drained. Ijyb hits you with a +8 club.
* * * LOW HITPOINT WARNING * * *
The endoplasm barely misses you.
Okay, then.
It was a potion of invisibility.
You fade into invisibility!
The necrophage hits you but does no damage.
Ijyb hits you with a +8 club.
* * * LOW HITPOINT WARNING * * *
The endoplasm freezes you.
* * * LOW HITPOINT WARNING * * *
You are confused.
You feel invigorated. The necrophage closely misses you.
Ijyb closely misses you. The endoplasm freezes you.
* * * LOW HITPOINT WARNING * * *
Ijyb screams, "I cut your head off!"
Ijyb zaps a wand.
The bolt of light hits the endoplasm!!
The endoplasm dies!
The bolt of light hits you!!
You die...

#... ##... ..... #.##
#.# #### #.# . ...
##.## ....##.#### #...)
#[..g°@.###########..##
####n##?.?...........#
#. #.############.#
#.##.# #.# #....# #.#
####.############.#
#..............#
################


You could see a necrophage (unable to see you) and Ijyb (unable to see you).

Vanquished Creatures
  Crazy Yiuf (D:2)
  Jessica (D:2)
  Natasha (thrice) (D:2)
  2 adders (D:2)
  3 gnolls (D:3)
  5 worms
  A dart slug (D:2)
  An orc (D:3)
  2 endoplasms
  6 giant cockroaches
  2 goblins (D:2)
  5 hobgoblins
  3 kobolds (D:1)
  4 quokkas
  4 ball pythons
  7 bats
  2 rats
52 creatures vanquished.

Vanquished Creatures (others)
  An endoplasm (D:3)
1 creature vanquished.

Grand Total: 53 creatures vanquished

Notes
Turn   | Place    | Note
-------+----------+-------------------------------------------
     0 | D:1      | holysushi the Demonspawn Monk began the quest for the Orb.
     0 | D:1      | Reached XP level 1. HP: 18/18 MP: 1/1
   294 | D:1      | Gained mutation: Your demonic aura sometimes causes spilled
                  | blood to erupt in flames. [demonic ancestry]
   294 | D:1      | Reached XP level 2. HP: 24/24 MP: 2/2
   360 | D:1      | Found a faded altar of an unknown god.
   409 | D:1      | Prayed at the altar of an unknown god.
   409 | D:1      | Became a worshipper of Cheibriados the Contemplative
   409 | D:1      | Reached * piety under Cheibriados
   409 | D:1      | Reached ** piety under Cheibriados
   486 | D:1      | Reached *** piety under Cheibriados
   670 | D:1      | Reached skill level 3 in Dodging
   806 | D:2      | Gained mutation: Your touch may inflict minor irresistible
                  | damage on your foes. [demonic ancestry]
   806 | D:2      | Reached XP level 3. HP: 28/29 MP: 3/3
   924 | D:2      | Noticed Jessica
   931 | D:2      | Killed Jessica
   932 | D:2      | Gained mutation: You are partially covered in slimy green
                  | scales. (AC +2) [demonic ancestry]
   932 | D:2      | Reached XP level 4. HP: 27/35 MP: 4/4
   962 | D:2      | Reached skill level 4 in Dodging
   964 | D:2      | Noticed Natasha
   974 | D:2      | Killed Natasha
  1044 | D:2      | Noticed Natasha
  1051 | D:2      | Killed Natasha
  1052 | D:2      | Gained mutation: You are mostly covered in slimy green
                  | scales. (AC +3) [demonic ancestry]
  1052 | D:2      | Reached XP level 5. HP: 41/41 MP: 5/5
  1174 | D:2      | Found a runed translucent door.
  1175 | D:2      | Noticed Crazy Yiuf
  1218 | D:2      | Noticed Natasha
  1325 | D:2      | Killed Natasha
  1331 | D:2      | Reached skill level 5 in Dodging
  1559 | D:2      | Killed Crazy Yiuf
  1644 | D:3      | Reached **** piety under Cheibriados
  1924 | D:3      | Noticed Ijyb
  1933 | D:3      | Killed from afar by Ijyb

Illustrated notes

Levels and vault maps discovered:
D:1:      minmay_arrival_five_plusses, layout_loops_ring,
          hellmonk_ecumenical_altar_pennies_from_heaven
D:2:      layout_loops_ring, minivault_24, uniq_natasha, uniq_jessica,
          uniq_crazy_yiuf_cottage
D:3:      layout_loops_ring, uniq_ijyb

Skill      XL: |  1  2  3  4  5 |
---------------+----------------+-----
Short Blades   | 3 |  3.5
Dodging        | 3 4 5 |  5.5
Fighting       | |  3.0
Stealth        | |  1.7

Action                     |  1- 3 |  4- 6 || total
---------------------------+-------+-------++-------
  Melee: Short sword       |    32 |       ||    32
         Dagger            |    66 |    68 ||   134
         Punch             |     2 |       ||     2
         Touch             |     6 |     7 ||    13
    Use: Potion            |       |     2 ||     2
   Stab: Sleeping          |     5 |     4 ||     9
 Armour: Robe              |    15 |     9 ||    24
  Dodge: Dodged            |    83 |    44 ||   127

Table legend: (Time is in decaauts)
 A = Elapsed time spent in this place.
 B = Non-inter-level travel time spent in this place.
 C = Inter-level travel time spent in this place.
 D = Time resting spent in this place.
 E = Time spent auto-exploring this place.
 F = Levels seen in this place.
 G = Mean time per level.
                   A        B        C        D        E       F      G
               +--------+--------+--------+--------+--------+-----+--------+
         Total |   2802 |   2677 |    125 |     11 |   2046 |   3 |  934.0 |
       Dungeon |   2802 |   2677 |    125 |     11 |   2046 |   3 |  934.0 |
               +--------+--------+--------+--------+--------+-----+--------+

Top non-repeatable levels by time:
     D:2: 1313 daAuts
     D:1: 1004 daAuts
     D:3: 483 daAuts
